[Event "Titled Tuesday Blitz April 18 Late 2023"]
[White "Todorovic, Bojan"]
[Black "Rios Escobar, Adan"]
[WhiteFideId "917087"]
[BlackFideId "3403645"]
[WhiteElo "2266"]
[BlackElo "2482"]
[Result "0-1"]
[Round "06"]
[TimeControl "180+2"]
[Date "2023.04.18"]
[WhiteClock "0:00:02"]
[BlackClock "0:00:34"]

1. Nf3 Nf6 2. g3 g6 3. Bg2 c5 4. O-O Bg7 5. c4 O-O 6. Nc3 Nc6 7. d3 Rb8 8. Be3 d6 9. h3 a6 10. d4 cxd4 11. Nxd4 Bd7 12. Rc1 Qa5 13. Nb3 Qh5 14. g4 Bxg4 15. hxg4 Nxg4 16. Bf4 Be5 17. Qd2 g5 18. Bxe5 dxe5 19. Rfd1 f5 20. Qd5+ Kg7 21. Nc5 Rf6 22. Ne6+ Kh8 23. a3 Qh2+ 24. Kf1 Qh4 25. Ke1 Qxf2+ 26. Kd2 Rxe6 27. Qxe6 Nd4 28. Qxe7 Qe3+ 29. Ke1 Qf2+ 30. Kd2 Qxg2 31. Rf1 Qg3 32. Qxg5 Rg8 33. Qe7 Qe3+ 34. Ke1 Qxc1+ 0-1


[Site "https://www.chess.com"]

[Event "Titled Tuesday Blitz April 18 Late 2023"]
[White "Jaskolka, Tomasz"]
[Black "Ozalp, Burak"]
[WhiteFideId "1170791"]
[BlackFideId "6314210"]
[WhiteElo "2155"]
[BlackElo "2106"]
[Result "1-0"]
[Round "06"]
[TimeControl "180+2"]
[Date "2023.04.18"]
[WhiteClock "0:00:29"]
[BlackClock "0:00:09"]

1. d4 g6 2. e4 Bg7 3. Nf3 d6 4. Nc3 a6 5. Bd3 Nd7 6. Be3 b5 7. a3 Bb7 8. Qd2 Rc8 9. Rd1 c5 10. dxc5 Nxc5 11. O-O Nf6 12. Rfe1 O-O 13. Bh6 Qd7 14. h3 Ne6 15. Bxg7 Kxg7 16. Qe3 Qc7 17. Bf1 Qc5 18. Nd4 Nxd4 19. Qxd4 Qxd4 20. Rxd4 Rc5 21. f3 Rfc8 22. Kf2 R8c7 23. Rd2 Bc8 24. Bd3 Be6 25. Ne2 Bc4 26. Nd4 Bxd3 27. cxd3 Nd7 28. f4 e5 29. Ne2 Rc2 30. Red1 Rxd2 31. Rxd2 Nc5 32. Nc3 Nb3 33. Rd1 exf4 34. h4 h6 35. Kf3 g5 36. hxg5 hxg5 37. Rh1 a5 38. Kg4 b4 39. axb4 axb4 40. Nd5 Rc2 41. Kxg5 Rxg2+ 42. Kxf4 Nd4 43. Nxb4 Ne6+ 44. Ke3 Rxb2 45. Nd5 Rg2 46. Rf1 Rg3+ 47. Kd2 Nc5 48. Nf4 Kh6 49. Kc3 Nxe4+ 50. Kd4 Ng5 51. Rh1+ Nh3 52. Rxh3+ Rxh3 53. Nxh3 Kh5 54. Nf4+ Kg4 55. Nd5 f5 56. Ne3+ Kg5 57. Nf1 Kf4 58. Kd5 Kf3 59. d4 f4 60. Kxd6 Ke2 61. Nh2 Kf2 62. Ke5 Kg3 63. d5 f3 64. Nxf3 Kxf3 65. d6 1-0


[Site "https://www.chess.com"]

[Event "Titled Tuesday Blitz April 18 Late 2023"]
[White "Rodriguez Santiago, Jaime"]
[Black "Liu, Eric"]
[WhiteFideId "3100898"]
[BlackFideId "30960240"]
[WhiteElo "2025"]
[BlackElo "2094"]
[Result "0-1"]
[Round "06"]
[TimeControl "180+2"]
[Date "2023.04.18"]
[WhiteClock "0:00:16"]
[BlackClock "0:01:41"]

1. c4 b6 2. Nc3 Bb7 3. e4 e6 4. d3 h5 5. Nge2 h4 6. h3 d6 7. Be3 Nf6 8. Qd2 Be7 9. g4 hxg3 10. fxg3 d5 11. Bg2 dxc4 12. d4 Bb4 13. Qc2 Qe7 14. O-O-O O-O 15. Bg5 Nbd7 16. Rhf1 Qe8 17. Bh1 Nh7 18. Bf4 e5 19. dxe5 Nxe5 20. Kb1 Nd3 21. Bxc7 Rc8 22. Bf4 b5 23. Nd5 Bxd5 24. exd5 Nf6 25. Bg5 Ne4 26. Bc1 Nef2 27. Rxf2 Nxf2 28. Rf1 Nxh1 29. Rxh1 Rd8 30. Nf4 Bd6 31. Rg1 Bxf4 32. gxf4 f5 33. b3 Qe4 34. bxc4 bxc4 35. Bb2 Qxc2+ 36. Kxc2 Rf7 37. Be5 Rxd5 38. Kc3 Rd3+ 39. Kxc4 Rxh3 40. Rg6 Ra3 41. Rg2 Rb7 42. Kd5 Ra6 43. Ba1 Kf8 44. Ke5 g6 45. Rh2 Rb5+ 46. Kd4 Ra4+ 47. Ke3 Re4+ 48. Kf3 Ra5 49. Be5 Ra3+ 50. Kg2 Rxa2+ 51. Kg3 Rxh2 52. Kxh2 Rxe5 53. Kg3 a5 54. fxe5 a4 55. e6 a3 56. e7+ Kxe7 0-1


[Site "https://www.chess.com"]

[Event "Titled Tuesday Blitz April 18 Late 2023"]
[White "Bogaudinov, Rushan"]
[Black "Jovic, Stanoje"]
[WhiteFideId "4129288"]
[BlackFideId "905020"]
[WhiteElo "1967"]
[BlackElo "2236"]
[Result "0-1"]
[Round "06"]
[TimeControl "180+2"]
[Date "2023.04.18"]
[WhiteClock "0:00:17"]
[BlackClock "0:01:20"]

1. e4 c6 2. d4 d5 3. e5 c5 4. dxc5 e6 5. Be3 Ne7 6. Nf3 Nf5 7. Bg5 Qc7 8. b4 Bd7 9. c3 a5 10. a3 axb4 11. cxb4 Nc6 12. Nc3 Nxe5 13. Be2 Nc4 14. Bxc4 dxc4 15. O-O h6 16. Bc1 g5 17. Qe2 Bg7 18. Bb2 b5 19. cxb6 Qxb6 20. Qxc4 O-O 21. Rfd1 Rfc8 22. Qb3 Bc6 23. Ne1 Nd4 24. Qa2 Bb7 25. Kh1 Nf5 26. Rac1 Qxf2 27. Ba1 Qf1# 0-1


[Site "https://www.chess.com"]

[Event "Titled Tuesday Blitz April 18 Late 2023"]
[White "Storey, Charles H"]
[Black "Skaric, Djuro"]
[WhiteFideId "406686"]
[BlackFideId "934569"]
[WhiteElo "2196"]
[BlackElo "2282"]
[Result "1-0"]
[Round "06"]
[TimeControl "180+2"]
[Date "2023.04.18"]
[WhiteClock "0:00:14"]
[BlackClock "0:00:16"]

1. e4 d6 2. d4 g6 3. Nc3 Bg7 4. Nf3 Nf6 5. h3 O-O 6. Be3 Nc6 7. Qd2 e5 8. d5 Ne7 9. g4 a6 10. Bd3 c5 11. a4 b6 12. b3 Ne8 13. Nh4 f6 14. Ng2 Rf7 15. f4 f5 16. gxf5 exf4 17. Nxf4 gxf5 18. Rg1 Ng6 19. O-O-O Nxf4 20. Bxf4 Qf6 21. exf5 Kh8 22. Kb2 Nc7 23. Rxg7 Qxg7 24. Ka2 b5 25. Bxd6 bxa4 26. Nxa4 Nb5 27. Bxc5 Rc7 28. Bxb5 Rxc5 29. Bc6 Rxc6 30. dxc6 Bxf5 31. Nb6 Rb8 32. Qf2 Qe5 33. Rd5 Qe7 34. Qd4+ Kg8 35. Rxf5 Rd8 36. Qg4+ Kh8 37. Nd7 Rc8 38. Qd4+ Kg8 39. Nf6+ Kh8 40. Nd5+ Qg7 41. Qxg7+ Kxg7 42. c7 h6 43. Rf6 Kg8 44. Rb6 Kg7 45. Rb8 1-0


[Site "https://www.chess.com"]

[Event "Titled Tuesday Blitz April 18 Late 2023"]
[White "Pesotskiy, Mikhail"]
[Black "Shubenkova, Veronika"]
[WhiteFideId "34164453"]
[BlackFideId "44124040"]
[WhiteElo "2131"]
[BlackElo "2027"]
[Result "1-0"]
[Round "06"]
[TimeControl "180+2"]
[Date "2023.04.18"]
[WhiteClock "0:00:08"]
[BlackClock "0:00:02"]

1. d4 d5 2. c4 e6 3. Nc3 Nf6 4. cxd5 exd5 5. Bg5 Be7 6. e3 O-O 7. Bd3 c6 8. Qc2 Nbd7 9. h3 Re8 10. Bf4 Nf8 11. Nf3 a6 12. O-O-O b5 13. Kb1 a5 14. Rc1 Bd7 15. Ne5 Ne6 16. Bh2 a4 17. g4 b4 18. Nxa4 Qa5 19. b3 c5 20. Nxc5 Bxc5 21. dxc5 Nxc5 22. Nxd7 Nfxd7 23. Bxh7+ Kh8 24. Bf5 Nf6 25. Rhd1 Nfe4 26. Bxe4 Nxe4 27. Ka1 Nc3 28. Rd2 Ra6 29. a4 Qc5 30. Kb2 Rea8 31. Be5 Rb8 32. Bxc3 bxc3+ 33. Qxc3 Qa7 34. Ka2 Ra5 35. Rd4 Qb6 36. Rcd1 Qa6 37. R1d2 f6 38. Rxd5 Rxa4+ 39. bxa4 Qxa4+ 40. Qa3 Qc4+ 41. Ka1 Qf1+ 42. Rd1 Qxf2 43. Rd8+ Rxd8 44. Rxd8+ Kh7 45. Qd3+ g6 46. Qd7+ Kh6 47. Rh8+ Kg5 48. Qd5+ f5 49. gxf5 Qe1+ 50. Kb2 Qe2+ 51. Kb3 Qxe3+ 52. Kb4 Qb6+ 53. Kc3 Qc7+ 54. Kd3 Qg3+ 55. Kc4 Qf4+ 56. Kb5 Qf1+ 57. Kc6 Qc1+ 58. Kd7 1-0


[Site "https://www.chess.com"]

[Event "Titled Tuesday Blitz April 18 Late 2023"]
[White "Ward, Ieuan C"]
[Black "QuiesPrecatio"]
[WhiteFideId "406627"]
[WhiteElo "2321"]
[BlackElo "2454"]
[Result "1-0"]
[Round "06"]
[TimeControl "180+2"]
[Date "2023.04.18"]
[WhiteClock "0:00:56"]
[BlackClock "0:00:44"]

1. e4 c6 2. d4 d5 3. Nc3 dxe4 4. Nxe4 Bf5 5. Ng3 Bg6 6. Nf3 e6 7. h4 h6 8. h5 Bh7 9. Bd3 Bxd3 10. Qxd3 c5 11. Be3 Nc6 12. O-O-O Nf6 13. dxc5 Qxd3 14. Rxd3 Nd5 15. Ne4 Ncb4 16. Rb3 f5 17. Nd6+ Bxd6 18. cxd6 Nxa2+ 19. Kb1 Nab4 20. c3 Nxe3 21. fxe3 Nc6 22. Rxb7 O-O 23. c4 Rfd8 24. c5 e5 25. Kc2 Rab8 26. Rxb8 Rxb8 27. Rd1 Kf7 28. Kc3 Ke6 29. d7 Nd8 30. Rd6+ Ke7 31. Nxe5 1-0


[Site "https://www.chess.com"]

[Event "Titled Tuesday Blitz April 18 Late 2023"]
[White "Marchesich, Giovanni"]
[Black "Kovalevsky, Stanislav"]
[WhiteFideId "2824790"]
[BlackFideId "13508598"]
[WhiteElo "2209"]
[BlackElo "2174"]
[Result "0-1"]
[Round "06"]
[TimeControl "180+2"]
[Date "2023.04.18"]
[WhiteClock "0:00:04"]
[BlackClock "0:00:54"]

1. d4 d5 2. Nf3 Nf6 3. e3 Nbd7 4. Bd3 Ne4 5. O-O f5 6. b3 e6 7. Bb2 Bd6 8. Ne5 Nxe5 9. dxe5 Bc5 10. Qh5+ g6 11. Qh6 Qe7 12. Nc3 Bd7 13. f3 Ng5 14. Nd1 O-O-O 15. Bd4 Nf7 16. Bxc5 Qxc5 17. Qf4 g5 18. Qd4 Qb6 19. f4 h5 20. Qxb6 axb6 21. Nf2 Rdg8 22. g3 h4 23. Kg2 Rg7 24. Nh3 Bc6 25. Nf2 d4+ 26. e4 gxf4 27. Kf3 fxg3 28. hxg3 hxg3 29. Nd1 fxe4+ 30. Bxe4 Ng5+ 31. Kf4 0-1


[Site "https://www.chess.com"]

[Event "Titled Tuesday Blitz April 18 Late 2023"]
[White "Kubatko, Ivan"]
[Black "Boder, Jan"]
[WhiteFideId "24111473"]
[BlackFideId "16243226"]
[WhiteElo "2285"]
[BlackElo "2241"]
[Result "1-0"]
[Round "06"]
[TimeControl "180+2"]
[Date "2023.04.18"]
[WhiteClock "0:00:11"]
[BlackClock "0:00:04"]

1. e4 c5 2. c3 Nf6 3. e5 Nd5 4. g3 Nc6 5. Bg2 e6 6. Nf3 d6 7. exd6 Bxd6 8. d4 cxd4 9. Nxd4 Nxd4 10. Qxd4 O-O 11. O-O Qc7 12. Nd2 Be5 13. Qc4 Qxc4 14. Nxc4 Bf6 15. Nd6 Rd8 16. Nxc8 Raxc8 17. Rd1 Nxc3 18. Rxd8+ Rxd8 19. bxc3 Rd1+ 20. Bf1 Bxc3 21. Rb1 f6 22. Kg2 Bd2 23. Bc4 b6 24. Bxe6+ Kh8 25. Rb2 Bxc1 26. Rc2 g6 27. Rc8+ Kg7 28. Rc7+ Kh6 29. Bg8 Kg5 30. h4+ Kf5 31. Bxh7 a5 32. h5 Bh6 33. hxg6 Ke6 34. g7 Bxg7 35. Rxg7 Rd2 36. Bg8+ Kf5 37. Rb7 Rb2 38. Bd5 b5 39. Ra7 a4 40. Rb7 b4 41. Rb5 Kg6 42. Kf3 f5 43. Rb6+ Kg5 44. Ra6 b3 45. axb3 axb3 46. Rb6 f4 47. Rxb3 Kf5 48. Rxb2 fxg3 49. fxg3 Ke5 50. Be4 1-0


[Site "https://www.chess.com"]

[Event "Titled Tuesday Blitz April 18 Late 2023"]
[White "WindWhistler11"]
[Black "lluiss"]
[WhiteElo "2435"]
[BlackElo "2305"]
[Result "0-1"]
[Round "06"]
[TimeControl "180+2"]
[Date "2023.04.18"]
[WhiteClock "0:00:08"]
[BlackClock "0:00:43"]

1. b4 Nf6 2. e3 g6 3. Bb2 Bg7 4. c4 O-O 5. Nf3 d6 6. Be2 e5 7. d4 e4 8. Nfd2 Re8 9. Nc3 h5 10. O-O Bf5 11. b5 Nbd7 12. a4 Bg4 13. a5 Bxe2 14. Qxe2 Nf8 15. a6 b6 16. Nd5 Nxd5 17. cxd5 Nh7 18. Rac1 Nf6 19. Qc4 Re7 20. f4 exf3 21. Rxf3 Ng4 22. e4 Bh6 23. Bc3 Bxd2 24. Bxd2 Rxe4 25. h3 Ne5 26. Qxc7 Nxf3+ 27. gxf3 Qxc7 28. Rxc7 Rxd4 29. Bg5 Rxd5 30. Be7 Rxb5 31. Bxd6 Rd5 32. Bg3 Ra5 33. f4 Rxa6 34. f5 gxf5 35. Kf2 Ra4 36. Be5 Re8 0-1


[Site "https://www.chess.com"]

[Event "Titled Tuesday Blitz April 18 Late 2023"]
[White "Prydun, Andriy"]
[Black "Smith, Garrett L"]
[WhiteFideId "14145898"]
[BlackFideId "2024829"]
[WhiteElo "2164"]
[BlackElo "2302"]
[Result "1-0"]
[Round "06"]
[TimeControl "180+2"]
[Date "2023.04.18"]
[WhiteClock "0:00:03"]
[BlackClock "0:00:03"]

1. e4 c5 2. Nf3 Nc6 3. Bb5 e6 4. O-O Nge7 5. c3 a6 6. Ba4 b5 7. Bc2 d5 8. d3 d4 9. a4 Bb7 10. Nbd2 Ng6 11. axb5 axb5 12. Rxa8 Qxa8 13. cxd4 Nxd4 14. Nxd4 cxd4 15. f4 Bd6 16. f5 exf5 17. exf5 Ne5 18. f6 Bxg2 19. Ne4 Bxe4 20. dxe4 Bc5 21. Bd3 Rg8 22. Kh1 gxf6 23. Bxb5+ Ke7 24. Bd3 Rg6 25. Qc2 Bd6 26. Bf4 Qg8 27. b4 Qa8 28. b5 Rg8 29. b6 Rc8 30. Qb1 Qb7 31. Bxe5 Bxe5 32. Qb4+ Ke6 33. Bc4+ Rxc4 34. Qxc4+ Ke7 35. Qc5+ Ke8 36. Qb5+ Ke7 37. Qc5+ Ke8 38. Qb5+ Kf8 39. Qb4+ Kg7 40. Rg1+ Kh6 41. Qd2+ Kh5 42. Qe2+ Kh6 43. Qd2+ Kh5 44. Qe2+ Kh6 45. Qf3 f5 46. Qxf5 Bg7 47. Qh3# 1-0


[Site "https://www.chess.com"]

[Event "Titled Tuesday Blitz April 18 Late 2023"]
[White "Cheng, Xiao"]
[Black "Chabris, Christopher"]
[WhiteFideId "2022915"]
[BlackFideId "2005263"]
[WhiteElo "2430"]
[BlackElo "2300"]
[Result "1/2-1/2"]
[Round "06"]
[TimeControl "180+2"]
[Date "2023.04.18"]
[WhiteClock "0:00:37"]
[BlackClock "0:00:04"]

1. e4 e5 2. Nf3 Nc6 3. Bc4 Nf6 4. d3 Bc5 5. O-O O-O 6. a3 a6 7. b4 Ba7 8. Bg5 d6 9. h3 h6 10. Bh4 Be6 11. Nc3 Nd4 12. Nd5 Bxd5 13. Bxd5 c6 14. Ba2 Ne6 15. c3 g5 16. Bg3 Nh5 17. Nxe5 Nxg3 18. Nxf7 Qf6 19. Qg4 Nxf1 20. Rxf1 Rxf7 21. Bxe6 Kg7 22. Bxf7 Qxf7 23. d4 c5 24. d5 cxb4 25. axb4 Rf8 26. Kh1 Qf4 27. Qe6 Rf6 28. Qd7+ Rf7 29. Qe6 Bxf2 30. c4 Qg3 31. c5 dxc5 32. d6 cxb4 33. e5 Rf4 34. d7 Be3 35. Qf6+ Rxf6 36. exf6+ Kg6 37. d8=Q Bf4 38. Qe8+ Kxf6 39. Qf8+ Kg6 40. Qe8+ Kf6 41. Qd8+ Kg6 42. Qe8+ Kf6 1/2-1/2


[Site "https://www.chess.com"]

[Event "Titled Tuesday Blitz April 18 Late 2023"]
[White "Garmash, Aliona"]
[Black "Shapiro, Viktor"]
[WhiteFideId "34127620"]
[BlackFideId "4175700"]
[WhiteElo "1959"]
[BlackElo "2152"]
[Result "1/2-1/2"]
[Round "06"]
[TimeControl "180+2"]
[Date "2023.04.18"]
[WhiteClock "0:00:11"]
[BlackClock "0:00:15"]

1. d4 Nf6 2. c4 c5 3. d5 e6 4. Nc3 exd5 5. cxd5 d6 6. Nf3 g6 7. Bf4 Bg4 8. Nd2 a6 9. a4 Bg7 10. Nc4 O-O 11. Bxd6 Re8 12. f3 Bc8 13. e4 Nbd7 14. Be2 Nh5 15. Qd2 Bd4 16. Bg3 Nxg3 17. hxg3 Qf6 18. O-O-O b5 19. Ne3 Ne5 20. f4 Nc4 21. Nxc4 bxc4 22. Bxc4 Rb8 23. e5 Qb6 24. Bd3 Bg4 25. Rde1 c4 26. Bb1 f5 27. exf6 Qxf6 28. Rxe8+ Rxe8 29. Re1 Rb8 30. Ba2 Rb4 31. Qc2 Bf5 32. Qd2 Kg7 33. Rd1 Bd3 34. Re1 Qb6 35. Bb1 Bxb1 36. Kxb1 Bf6 37. Kc1 Qc5 38. Re6 Rb6 39. Rxb6 Qxb6 40. Qe1 Qd4 41. Qe6 Qg1+ 42. Kc2 Qxg2+ 43. Kb1 Qh1+ 44. Ka2 Qg2 45. d6 Bxc3 46. Qe7+ Kh6 47. Qh4+ Kg7 48. Qe7+ Kg8 49. Qe8+ Kg7 50. Qe7+ 1/2-1/2


[Site "https://www.chess.com"]

[Event "Titled Tuesday Blitz April 18 Late 2023"]
[White "Marczuk, Dominik"]
[Black "Nemsko"]
[WhiteFideId "1111264"]
[WhiteElo "2174"]
[BlackElo "2298"]
[Result "1-0"]
[Round "06"]
[TimeControl "180+2"]
[Date "2023.04.18"]
[WhiteClock "0:00:17"]
[BlackClock "0:00:02"]

1. e4 e5 2. Nf3 Nc6 3. Bc4 Bc5 4. O-O d6 5. c3 Bb6 6. Bb3 Nf6 7. d3 h6 8. Nbd2 O-O 9. Re1 Be6 10. Nf1 Ne7 11. Ng3 Ng6 12. Bc2 c6 13. h3 Qd7 14. d4 Rfe8 15. Be3 Rad8 16. Qd2 Qc7 17. Nf5 Bxf5 18. exf5 Nf8 19. Bxh6 gxh6 20. Qxh6 N8h7 21. g4 Kh8 22. g5 Rg8 23. Kh1 e4 24. gxf6 d5 25. Rg1 Qd6 26. Rg7 1-0


[Site "https://www.chess.com"]

[Event "Titled Tuesday Blitz April 18 Late 2023"]
[White "Antonio, Jorge Carlos"]
[Black "Kielinkei"]
[WhiteFideId "113190"]
[WhiteElo "2247"]
[BlackElo "2424"]
[Result "0-1"]
[Round "06"]
[TimeControl "180+2"]
[Date "2023.04.18"]
[WhiteClock "0:01:08"]
[BlackClock "0:01:10"]

1. d4 Nf6 2. Nf3 d5 3. Bf4 c5 4. e3 Nc6 5. Nbd2 Qb6 6. Rb1 cxd4 7. exd4 Nxd4 8. Nxd4 Qxd4 9. Be3 Qe5 10. Nf3 Qc7 11. Bb5+ Bd7 12. Bxd7+ Qxd7 13. O-O e6 14. Bd4 Be7 15. Ne5 Qc7 16. c3 O-O 17. Qf3 Bc5 18. Bxc5 Qxc5 19. g4 Qc7 20. Rfe1 Nd7 21. Nxd7 Qxd7 22. h3 Rac8 23. Rbd1 Qa4 24. a3 Qb5 25. Rd2 a5 26. h4 Rc4 27. Kg2 Qa4 28. Kg3 Rd8 29. h5 h6 30. g5 hxg5 31. h6 gxh6 32. Rh1 Rh4 33. Rxh4 Qxh4+ 34. Kg2 Qf4 35. Qxf4 gxf4 36. Rd4 e5 37. Ra4 b6 38. b4 axb4 39. cxb4 d4 40. Kf3 d3 0-1


[Site "https://www.chess.com"]

[Event "Titled Tuesday Blitz April 18 Late 2023"]
[White "Mikheev, Stanislav"]
[Black "Coelho, Ramyres Santana"]
[WhiteFideId "4135920"]
[BlackFideId "2120690"]
[WhiteElo "2230"]
[BlackElo "1888"]
[Result "0-1"]
[Round "06"]
[TimeControl "180+2"]
[Date "2023.04.18"]
[WhiteClock "0:00:01"]
[BlackClock "0:02:17"]

1. c4 c5 2. Nf3 Nc6 3. g3 Nf6 4. Bg2 e6 5. O-O Be7 6. Nc3 O-O 7. d4 cxd4 8. Nxd4 Nxd4 9. Qxd4 d6 10. Qd3 Qc7 11. Bf4 Nd7 12. Rac1 Ne5 13. Bxe5 dxe5 14. Ne4 Rd8 15. Qe3 f5 16. Nc3 h6 17. b3 Bc5 18. Qf3 Rb8 19. Nb5 Qe7 20. Rfd1 Rf8 21. e3 e4 22. Qh5 a6 23. Nc3 Ba3 24. Rc2 Bd7 25. Rcd2 Bc6 26. Ne2 Rbd8 27. Nd4 Bd7 28. f3 exf3 29. Qxf3 Bb4 30. Rd3 b5 31. cxb5 axb5 32. Nc6 Bxc6 33. Qxc6 Rxd3 34. Rxd3 Bc5 35. Rd7 Bxe3+ 36. Kf1 Qf6 37. Qxb5 Rc8 38. Qd3 Bb6 39. Bb7 Rc1+ 40. Kg2 Rg1+ 41. Kh3 Qg5 42. g4 Qxg4# 0-1


[Site "https://www.chess.com"]

[Event "Titled Tuesday Blitz April 18 Late 2023"]
[White "Estremera Panos, Sergio"]
[Black "Papayan, Oleg"]
[WhiteFideId "2200864"]
[BlackFideId "4193911"]
[WhiteElo "2253"]
[BlackElo "2153"]
[Result "0-1"]
[Round "06"]
[TimeControl "180+2"]
[Date "2023.04.18"]
[WhiteClock "0:01:50"]
[BlackClock "0:00:52"]

1. d4 Nf6 2. c4 e6 3. Nc3 Bb4 4. e3 O-O 5. Bd3 d5 6. Nf3 c5 7. cxd5 Nxd5 8. Bd2 cxd4 9. exd4 b6 10. O-O Bb7 11. Qc2 Nf6 12. Bg5 h6 13. Bh4 Bxf3 14. gxf3 Qxd4 15. Bg3 Nbd7 16. Rad1 Qc5 17. a3 Bxc3 18. bxc3 Rfc8 19. Be4 Nxe4 20. Qxe4 Nf6 21. Qb7 Qxc3 22. Rd6 Qxa3 23. Rfd1 Nd5 24. Rd7 Qxf3 25. Rd4 Rc1+ 0-1


[Site "https://www.chess.com"]

[Event "Titled Tuesday Blitz April 18 Late 2023"]
[White "Osmonbekov, Talaibek"]
[Black "Aranda Marin, Cristian"]
[WhiteFideId "2017253"]
[BlackFideId "2205513"]
[WhiteElo "2135"]
[BlackElo "2233"]
[Result "0-1"]
[Round "06"]
[TimeControl "180+2"]
[Date "2023.04.18"]
[WhiteClock "0:00:07"]
[BlackClock "0:00:32"]

1. d4 d6 2. Bf4 g6 3. Nc3 Bg7 4. Nf3 Bg4 5. Qd2 Nd7 6. O-O-O c6 7. e4 Qa5 8. Kb1 Bxf3 9. gxf3 Ngf6 10. h4 O-O-O 11. Bh3 Kb8 12. Be3 Nb6 13. Qe2 Ne8 14. Rhg1 Nc7 15. Rg5 d5 16. a3 e6 17. Ka2 Nc4 18. Qxc4 h6 19. Qe2 hxg5 20. Bxg5 Rc8 21. Bf1 b5 22. b4 Qb6 23. Bf4 Kb7 0-1


[Site "https://www.chess.com"]

[Event "Titled Tuesday Blitz April 18 Late 2023"]
[White "Yeritsyan, Hayk"]
[Black "Sailer, Mike"]
[WhiteFideId "13307320"]
[BlackFideId "2012901"]
[WhiteElo "2403"]
[BlackElo "2109"]
[Result "1-0"]
[Round "06"]
[TimeControl "180+2"]
[Date "2023.04.18"]
[WhiteClock "0:01:34"]
[BlackClock "0:00:43"]

1. d4 d5 2. Nf3 Bf5 3. e3 e6 4. Bd3 Bxd3 5. Qxd3 c6 6. Nbd2 f5 7. c4 g6 8. b3 Nf6 9. O-O Ne4 10. Nb1 Bd6 11. Ba3 O-O 12. Bxd6 Qxd6 13. c5 Qc7 14. Ne5 Nd7 15. Nxd7 Qxd7 16. f3 Nf6 17. Nd2 Rae8 18. f4 Ne4 19. Nxe4 fxe4 20. Qe2 Kh8 21. b4 Rg8 22. Kh1 g5 23. Qh5 gxf4 24. Rxf4 Qg7 25. g3 Ref8 26. Raf1 Rxf4 27. Rxf4 b6 28. Rf7 Qg6 29. Qe5+ Rg7 30. Rf8# 1-0


[Site "https://www.chess.com"]

[Event "Titled Tuesday Blitz April 18 Late 2023"]
[White "Dubreuil, Julien"]
[Black "Gonzalez, Francisco Silva"]
[WhiteFideId "621285"]
[BlackFideId "1512285"]
[WhiteElo "2205"]
[BlackElo "2074"]
[Result "0-1"]
[Round "06"]
[TimeControl "180+2"]
[Date "2023.04.18"]
[WhiteClock "0:00:04"]
[BlackClock "0:00:48"]

1. e4 e5 2. Nf3 Nc6 3. Bb5 a6 4. Ba4 Nf6 5. O-O b5 6. Bb3 Bc5 7. d3 d6 8. a4 Bb7 9. Be3 Bxe3 10. fxe3 O-O 11. a5 Ne7 12. Nh4 Bc8 13. Nc3 c6 14. Qf3 Be6 15. Bxe6 fxe6 16. Qh3 Qd7 17. Rf3 Nh5 18. Raf1 Rf6 19. g4 Rxf3 20. Rxf3 Nf6 21. g5 Nh5 22. Qg4 g6 23. Ne2 Rf8 24. Ng3 Rxf3 25. Qxf3 Nxg3 26. hxg3 Nc8 27. Qf6 Qe8 28. d4 exd4 29. exd4 Qe7 30. Nf3 Qxf6 31. gxf6 h6 32. e5 Kf7 33. b4 dxe5 34. Nxe5+ Kxf6 35. Nxc6 Kf5 36. Nb8 Ke4 37. Nxa6 Kxd4 38. Nc5 Kc4 39. Nd3 Kc3 40. a6 g5 41. g4 Kxc2 42. Ne5 Kc3 43. Nc6 Kc4 44. Kf2 Nb6 45. a7 Kd5 46. Ne7+ Kc4 47. Nc8 Na8 48. Ke3 Kxb4 49. Kd4 Ka3 50. Kc5 b4 51. Nb6 b3 52. Nxa8 b2 53. Nb6 b1=Q 54. a8=Q+ Kb2 55. Nc4+ Kc3 56. Qa3+ Kc2 57. Qe3 Qd1 58. Qxe6 Qg1+ 59. Ne3+ Kd2 60. Kd4 Ke2 61. Qe4 Qa1+ 62. Kd5 Qa8+ 63. Ke5 Qe8+ 64. Kd4 Qh8+ 65. Qe5 Qxe5+ 66. Kxe5 Kxe3 67. Kf5 Kf3 0-1


[Site "https://www.chess.com"]

[Event "Titled Tuesday Blitz April 18 Late 2023"]
[White "Ramirez Vido, Robert Yorisan"]
[Black "Vargas Rodriguez, Wilver"]
[WhiteFideId "3513823"]
[BlackFideId "3509672"]
[WhiteElo "2397"]
[BlackElo "2224"]
[Result "1-0"]
[Round "06"]
[TimeControl "180+2"]
[Date "2023.04.18"]
[WhiteClock "0:01:29"]
[BlackClock "0:00:02"]

1. f4 c5 2. Nf3 Nc6 3. g3 g6 4. Bg2 Bg7 5. O-O e6 6. d3 Nge7 7. e4 d6 8. c3 Rb8 9. a4 a6 10. Be3 b6 11. Bf2 O-O 12. Re1 e5 13. d4 cxd4 14. cxd4 exf4 15. gxf4 Bg4 16. Nc3 Na5 17. h3 Be6 18. d5 Bd7 19. Bd4 f6 20. e5 fxe5 21. fxe5 dxe5 22. Bxe5 Bxe5 23. Nxe5 Nf5 24. d6 Kg7 25. Nd5 Nxd6 26. Qd4 1-0


[Site "https://www.chess.com"]

[Event "Titled Tuesday Blitz April 18 Late 2023"]
[White "Barria Santos, Jose Guilherme"]
[Black "Pein, Jonathan"]
[WhiteFideId "1939300"]
[BlackFideId "417092"]
[WhiteElo "2266"]
[BlackElo "2151"]
[Result "1-0"]
[Round "06"]
[TimeControl "180+2"]
[Date "2023.04.18"]
[WhiteClock "0:01:39"]
[BlackClock "0:01:22"]

1. e4 e5 2. Nf3 Nf6 3. Nxe5 d6 4. Nf3 Nxe4 5. d4 d5 6. Bd3 Be6 7. O-O f5 8. Re1 Be7 9. Nc3 O-O 10. Bxe4 fxe4 11. Ne5 Nd7 12. f4 c5 13. Ne2 cxd4 14. Nxd4 Nxe5 15. fxe5 Qe8 16. Nxe6 Bh4 17. Nxf8 Bxe1 18. Qxe1 Qxf8 19. Be3 Qf5 20. Qf2 Qxe5 21. Bd4 Qe6 22. Qg3 Re8 23. Qxg7# 1-0


[Site "https://www.chess.com"]

[Event "Titled Tuesday Blitz April 18 Late 2023"]
[White "Torres Dominguez, David"]
[Black "Gerbelli Neto, Eduardo"]
[WhiteFideId "2220857"]
[BlackFideId "2103281"]
[WhiteElo "1999"]
[BlackElo "2178"]
[Result "1/2-1/2"]
[Round "06"]
[TimeControl "180+2"]
[Date "2023.04.18"]
[WhiteClock "0:00:09"]
[BlackClock "0:00:25"]

1. e4 e5 2. Bc4 Nf6 3. Nc3 Nxe4 4. Qh5 Nd6 5. Qxe5+ Qe7 6. Qxe7+ Bxe7 7. Be2 c6 8. Nf3 O-O 9. d4 Bf6 10. Bf4 Nf5 11. O-O-O d5 12. g4 Nh4 13. g5 Nxf3 14. gxf6 Nh4 15. fxg7 Re8 16. Bh5 Ng6 17. Bg3 Bf5 18. Rhe1 Nd7 19. Kd2 Kxg7 20. Rxe8 Rxe8 21. Bf3 Nf6 22. Rg1 Ne4+ 23. Bxe4 dxe4 24. Ke3 f6 25. Ne2 Kf7 26. Nf4 Ne7 27. c3 Nd5+ 28. Nxd5 cxd5 29. Bf4 Rg8 30. Rxg8 Kxg8 31. Bb8 a6 32. Kf4 Bg6 33. Bd6 Kf7 34. h4 Ke6 35. Bc7 Kd7 36. Bb8 b6 37. Ke3 Bh5 38. Bg3 Kc6 39. Kd2 Kb5 40. b3 a5 41. Kc2 a4 42. Kb2 Bd1 43. Ka3 axb3 44. axb3 Kc6 45. c4 Be2 46. Kb4 Bd1 47. Kc3 Be2 48. Kb4 Bg4 49. Kc3 Be6 50. Kb4 Bf7 51. Bf4 Be8 52. Bg3 Bd7 53. Bf4 Be6 54. Bg3 Bd7 55. Bf4 Be6 56. Bg3 1/2-1/2


[Site "https://www.chess.com"]